 Dungeon Crawl Stone Soup version 0.20-a0-993-gba41c3c (console) character file.

591967 vuev the Conqueror (level 27, -3/179 HPs)
             Began as a Gargoyle Fighter on Apr 11, 2017.
             Was the Champion of Okawaru.
             Splashed with acid (8 damage)
             ... on level 3 of the Pits of Slime.
             The game lasted 03:17:53 (63645 turns).

vuev the Conqueror (Gargoyle Fighter)              Turns: 63645, Time: 03:17:54

Health: -3/179     AC: 60    Str: 31    XL:     27
Magic:  29/29      EV:  7    Int:  8    God:    Okawaru [******]
Gold:   5524       SH:  5    Dex: 15    Spells: 26/26 levels left

rFire    + + +     SeeInvis .   S - +8 executioner's axe (freeze)
rCold    + . .     Gourm    .   (shield currently unavailable)
rNeg     + . .     Faith    .   Y - +9 gold dragon scales
rPois    ∞         Spirit   .   G - +1 hat {MR+}
rElec    +         Reflect  +   M - scarf {rC+ rF+}
rCorr    .         Harm     .   a - +0 pair of gloves {archery}
MR       ++++.                  j - +0 pair of boots of Himypioc {rPois Dex+2}
Stlth    ..........             F - +5 amulet of reflection
Regen    0.4/turn               I - ring of Robustness {AC+8}
MPRegen  0.3/turn               K - ring "Totem" {Fire MR+ Str+7}

@: flying
A: big wings, blurry vision 1, clumsy 1, deformed body, dopey 1, frail 1,
negative energy resistance 1, screaming 3, electricity resistance, weak 1,
unbreathing, petrification resistance, no potion heal 1, rot immunity,
MP-powered wands, AC +20
}: 4/15 runes: decaying, serpentine, slimy, silver
a: Stop Flying, Heroism, Finesse, Renounce Religion


You were on level 3 of the Pits of Slime.
You worshipped Okawaru.
Okawaru was exalted by your worship.
You were not hungry.

You visited 10 branches of the dungeon, and saw 48 of its levels.
You visited 2 bazaars.
You also visited: Sewer and Ice Cave.

You collected 8396 gold pieces.
You spent 2872 gold pieces at shops.

Inventory:

Hand Weapons
 c - the +8 demon trident of Niyk {drain, MR++}
   (You took it off a deep elf high priest on level 5 of the Vaults)

   A truly terrible weapon, it drains the life of those it strikes.
   It affects your resistance to hostile enchantments.
 S - a +8 executioner's axe of freezing (weapon)
Armour
 a - a +0 pair of gloves of archery (worn)
 j - the +0 pair of boots of Himypioc (worn) {rPois Dex+2}
   (You found it on level 3 of the Crypt)

   It affects your dexterity (+2).
   It protects you from poison.
 m - the +0 pair of gloves of the Planets {rF- Str+5 Dex+6}
   (Okawaru gifted it to you on level 5 of the Pits of Slime)

   It affects your strength (+5).
   It affects your dexterity (+6).
   It makes you vulnerable to fire.
 G - a +1 hat of magic resistance (worn)
 H - the +2 helmet "Tasuw" {Regen+ rCorr Int-5 SInv}
   (Okawaru gifted it to you on level 3 of the Vaults)

   It affects your intelligence (-5).
   It lets you see invisible.
   It increases your rate of regeneration.
   It protects you from acid and corrosion.
 M - a scarf of resistance (worn)
 Y - +9 gold dragon scales (worn)
Jewellery
 d - the amulet of Abstinence {rPois rF++ MR- Regen+ Dex-2}
   (You found it on level 3 of the Crypt)

   [amulet of regeneration]

   It affects your dexterity (-2).
   It greatly protects you from fire.
   It protects you from poison.
   It affects your resistance to hostile enchantments.
   It increases your rate of regeneration.
 g - the ring of Idoomyv {+Inv Stlth-}
   (You took it off a vampire mage on level 3 of the Vaults)

   [ring of loudness]

   It lets you turn invisible.
   It makes you less stealthy.
 p - a +4 ring of evasion
 r - an uncursed ring of resist corrosion
 D - the ring of Shaolin {EV+8}
   (You found it on level 7 of the Dungeon)

   [ring of evasion]

   It affects your evasion (+8).
 F - a +5 amulet of reflection (around neck)
 I - the ring of Robustness (left hand) {AC+8}
   (You took it off a deep elf high priest on level 5 of the Vaults)

   [ring of protection]

   It affects your AC (+8).
 K - the ring "Totem" (right hand) {Fire MR+ Str+7}
   (You found it on level 5 of the Pits of Slime)

   [ring of fire]

   It enhances your fire magic.
   It affects your strength (+7).
   It protects you from fire.
   It makes you vulnerable to cold.
   It affects your resistance to hostile enchantments.
Wands
 i - a wand of digging (15/24)
 q - a wand of acid (8/15)
 u - a wand of clouds (7/9)
 x - a wand of digging (11/24)
 C - a wand of lightning (8/15)
 O - a wand of clouds (5/9)
 P - a wand of digging (19/24)
 U - a wand of iceblast (11/15)
 V - a wand of lightning (6/15)
 W - a wand of confusion (31/48)
Scrolls
 e - 25 scrolls of remove curse
 l - 16 scrolls of identify
 n - 12 scrolls of teleportation
 t - 4 scrolls of fear
 z - 6 scrolls of fog
 B - a scroll of enchant armour
 E - 3 scrolls of recharging
 T - 4 scrolls of magic mapping
Potions
 h - 3 potions of haste
 s - 6 potions of agility
 v - 2 potions of heal wounds
 w - a potion of ambrosia
 A - a potion of magic
 N - 17 potions of curing
 R - 4 potions of brilliance
 X - 2 potions of invisibility
Comestibles
 b - 2 meat rations
 f - 21 bread rations
 J - 26 royal jellies


   Skills:
 O Level 27 Fighting
 - Level 26.5 Axes
   Level 2.0(19.8) Maces & Flails
 + Level 20.9 Armour
   Level 3.2 Shields
 - Level 8.8 Invocations


You had 26 spell levels left.
You didn't know any spells.

Dungeon Overview and Level Annotations

Branches:
Dungeon (15/15)            Temple (1/1) D:6            Lair (6/6) D:11
  Swamp (4/4) Lair:4        Snake (4/4) Lair:4        Slime (5/5) Lair:6
    Orc (2/2) D:12            Elf (3/3) Orc:2        Vaults (5/5) D:13
  Crypt (3/3) Vaults:3       Tomb (0/3) Crypt:3      Depths (0/5) D:15

Altars:
Ashenzari
Cheibriados
Dithmenos
Elyvilon
Fedhas
Gozag
Hepliaklqana
Kikubaaqudgha
Makhleb
Nemelex Xobeh
Okawaru
Qazlal
Ru
Sif Muna
Trog
Uskayaw
Vehumet
Wu Jian
Xom
Yredelemnul
Zin
The Shining One
Beogh

Shops:
D:6 ?[:   Orc:2 :([=   Elf:3 **   Snake:3 %%[   Snake:4 :

Annotations:
Crypt:1 exclusions: curse skull and door


Innate Abilities, Weirdness & Mutations

You are resistant to torment.
Your stone body is resilient. (AC +20)
You are immune to poison.
Your large and strong wings let you fly indefinitely.
You resist negative energy. (rN+)
You are resistant to electric shocks. (rElec)
You can survive without breathing.
You are immune to petrification.
You are immune to rotting.
Scrolls take you a little longer to read.
You are clumsy. (Dex -2)
Armour fits poorly on your strangely shaped body.
You are dopey. (Int -2)
You are frail. (-10% HP)
You frequently scream uncontrollably at your foes.
You are weak. (Str -2)
Potions are less effective at restoring your health.
You expend magic power (3 MP) to strengthen your wands.


Message History

Okay, then.
Okay, then.
Put on which piece of jewellery? (? for menu, Esc to quit)
Okay, then.
Okay, then.
Unknown command.
Okay, then.
Your system partially rejects the healing.
You feel much better.
You are splashed with acid!
The walls burn you!
* * * LOW HITPOINT WARNING * * *
You are splashed with acid!
The wall burns you!
* * * LOW HITPOINT WARNING * * *
Your system partially rejects the healing.
You feel much better.
You are splashed with acid!
The wall burns you!
* * * LOW HITPOINT WARNING * * *
You are splashed with acid!
The wall burns you!
* * * LOW HITPOINT WARNING * * *
You begin reading the scroll.
You continue reading the scroll.
You are splashed with acid!
The wall burns you!
You die...

# #.................
##.#..............
##............>..
#...............
##.............. ##
###..............
##.##.##.............
#....................
##.#@.#.....#...#....
#.....##.............
##.#.##.....#.#.#....
#####.....#####.....
#...#...# ##.##.
##.###.## ##### ##
### #. ## #


There were no monsters in sight!

Vanquished Creatures
  the Royal Jelly (Slime:5)
  5 ancient liches
  Sojobo (Crypt:2)
  Boris (thrice) (Crypt:1 Crypt:3 Vaults:4)
  Margery (Crypt:1)
  Vashnia (Snake:3)
  Saint Roka (Snake:3)
  2 golden dragons (Vaults:5)
  Jory (Crypt:2)
  A bone dragon (Crypt:3)
  A lich (Vaults:4)
  2 shard shrike zombies
  Rupert (D:14)
  The ghost of Meriados the Slicer, an adept DgVM (Elf:3)
  3 tentacled monstrosities
  3 deep elf blademasters (Elf:3)
  3 titans (Vaults:5)
  21 acid blobs
  A deep elf master archer (Elf:3)
  9 tengu reavers
  10 ancient champions
  3 shadow dragons (Vaults:5)
  7 sphinxes
  The ghost of Lifeless the Severer, an adept HuWn of Okawaru (Snake:3)
  Kirke (D:14)
  4 thorn hunters
  2 storm dragons (Vaults:5)
  Donald (Snake:1)
  4 fire giants
  8 deep elf sorcerers
  15 azure jellies
  5 frost giants
  Aizul (Swamp:1)
  2 orc warlords
  4 deep elf elementalists
  10 nagarajas
  20 vault wardens
  2 curse skulls
  An iron dragon (Vaults:5)
  6 ghouls
  3 caustic shrike skeletons (Crypt:3)
  A draconian shifter (Crypt:2)
  A draconian annihilator (Crypt:2)
  2 reapers
  2 very ugly things
  Nessos (D:14)
  2 war gargoyles (Vaults:5)
  16 stone giants
  3 vampire knights
  15 ironheart preservers
  The ghost of dxctxrx the Slinger, a journeyman HaHu of Okawaru (Lair:4)
  3 entropy weavers
  11 deep elf demonologists
  2 large abominations
  12 deep elf annihilators
  4 eidola
  10 death oozes (Slime:5)
  Snorg (D:13)
  5 ettins
  A mummy priest (Crypt:3)
  5 fire dragons
  9 deep elf death magi
  4 jiangshi
  8 deep elf high priests
  A great orb of eyes (shapeshifter) (Vaults:5)
  Josephine (Snake:1)
  2 rakshasas (Vaults:3)
  14 ogre magi
  7 great orbs of eyes
  11 yaktaur captains
  Erolcha (D:11)
  A spriggan air mage (Crypt:2)
  An ice dragon (Vaults:5)
  17 naga warriors
  33 vault guards
  24 hydras
  2 quicksilver dragon skeletons (Crypt:3)
  An anaconda (shapeshifter) (Vaults:5)
  22 anacondas
  A catoblepas (Lair:3)
  41 two-headed ogres
  Erica (Orc:1)
  5 centaur warriors
  4 death knights
  7 alligators
  29 dancing weapons
  6 vampire magi
  A queen ant (D:13)
  2 orc high priests
  17 naga sharpshooters
  2 spriggan berserkers (Swamp:4)
  A tengu warrior (D:13)
  14 shock serpents
  2 deep troll earth magi
  4 hell knights (Crypt:1)
  10 soul eaters (Crypt:2)
  A storm dragon zombie (Vaults:3)
  19 deep elf knights
  5 titan skeletons (Crypt:3)
  A small abomination (Elf:3)
  6 salamander mystics
  5 shadow wraiths
  A storm dragon skeleton (Crypt:2)
  44 skeletal warriors
  2 glowing orange brains (Slime:4)
  3 spriggan druids
  An unseen horror (D:10)
  3 wizards
  An anaconda skeleton (Crypt:2)
  A golden dragon skeleton (Crypt:3)
  11 naga ritualists
  A wolf spider zombie (D:12)
  3 flayed ghosts
  A sphinx zombie (Crypt:1)
  15 swamp dragons
  16 deep elf archers
  14 ironbrand convokers
  6 lindwurms
  An obsidian statue (Snake:2)
  8 deep trolls
  A shambling mangrove (Swamp:4)
  7 phantasmal warriors
  An orb spider (shapeshifter) (D:13)
  12 orc knights
  4 necromancers
  5 orc sorcerers
  63 deep elf magi
  11 mana vipers
  A salamander (shapeshifter) (D:13)
  3 manticores (D:15)
  5 shining eyes
  5 wolf spiders
  6 cyclopes
  Joseph (D:7)
  20 ugly things
  11 salamanders
  2 stone giant skeletons (Crypt:3)
  37 black mambas
  17 vault sentinels
  14 elephants
  A guardian serpent (shapeshifter) (Vaults:2)
  10 guardian serpents
  A black mamba (shapeshifter) (D:13)
  25 naga magi
  A torpor snail (Lair:3)
  A gargoyle (D:15)
  An elephant slug zombie (Crypt:2)
  38 spiny frogs
  2 eyes of devastation (Slime:5)
  A catoblepas zombie (Crypt:1)
  2 ice statues (IceCv)
  8 komodo dragons
  An efreet (Vaults:1)
  A yaktaur zombie (Vaults:3)
  2 rime drakes (Lair:3)
  8 freezing wraiths
  6 ice devils (IceCv)
  A tengu conjurer (D:13)
  A grey draconian skeleton (Crypt:3)
  4 human zombies
  10 guardian mummies
  A silent spectre (Crypt:2)
  32 yaktaurs
  A red draconian skeleton (Crypt:3)
  21 hornets
  A wind drake (shapeshifter) (Elf:3)
  2 sea snake skeletons (Crypt:3)
  A jumping spider (shapeshifter) (Vaults:4)
  9 trolls
  7 tyrant leeches
  5 polar bears
  14 bog bodies
  A sphinx simulacrum (Vaults:5)
  A blink frog (shapeshifter) (Vaults:4)
  143 slime creatures
  18 hippogriffs
  24 blink frogs
  A hydra skeleton (Crypt:3)
  8 dream sheep
  2 raiju (shapeshifter)
  A stone giant simulacrum (Vaults:3)
  2 ice dragon skeletons (Crypt:3)
  5 water elementals
  An alligator skeleton (Crypt:3)
  10 spriggans
  3 shadows
  2 wyverns
  A vampire (D:13)
  15 wraiths
  2 ettin skeletons
  3 air elementals
  A hog (D:14)
  A redback (shapeshifter) (D:13)
  3 fire dragon skeletons (Crypt:3)
  6 basilisks
  39 yaks
  A human (shapeshifter) (D:13)
  6 hungry ghosts
  7 golden eyes
  A yaktaur simulacrum (Vaults:2)
  14 vampire mosquitoes
  43 nagas
  Menkaure (D:7)
  4 wargs
  19 swamp worms
  2 acid dragons
  8 water moccasins
  A floating eye (Slime:3)
  13 soldier ants
  2 hell hounds (D:11)
  A meliai simulacrum (D:12)
  9 porcupines
  19 ice beasts
  3 sky beasts
  54 orc warriors
  5 phantoms
  A black bear (D:11)
  22 swamp drakes
  29 centaurs
  4 eyes of draining
  A manticore skeleton (Crypt:1)
  36 ogres
  6 wolves
  6 necrophages
  A snapping turtle skeleton (Crypt:3)
  3 boggarts (Vaults:2)
  9 crocodiles
  A big kobold (shapeshifter) (Vaults:3)
  6 big kobolds
  29 bullfrogs
  A wyvern zombie (D:13)
  A deep troll simulacrum (Vaults:3)
  A glowing shapeshifter simulacrum (Vaults:2)
  2 wyvern skeletons
  2 earth elementals
  A scorpion (D:8)
  A raiju zombie (Crypt:1)
  7 killer bees
  A human simulacrum (Vaults:2)
  A warg skeleton (Crypt:1)
  A polar bear zombie (Crypt:3)
  29 wights
  A spriggan skeleton (Crypt:3)
  7 howler monkeys
  6 electric eels
  4 crimson imps
  3 quasits
  A basilisk zombie (Crypt:2)
  11 hounds
  10 centaur skeletons
  5 jellies
  15 orc priests
  4 bullfrog skeletons
  7 iguanas
  Jessica (D:2)
  2 human skeletons (Crypt:1)
  26 worker ants
  32 orc wizards
  3 polar bear simulacra (Lair:5)
  4 hell rats (Lair:4)
  6 yak simulacra (Lair:5)
  A wolf simulacrum (Lair:5)
  A killer bee zombie (D:7)
  2 bullfrog simulacra (D:12)
  3 centaur simulacra (D:12)
  A demigod skeleton (Crypt:2)
  A dwarf skeleton (Crypt:3)
  A big kobold skeleton (Crypt:3)
  A hound skeleton (D:6)
  3 mummies (Crypt:1)
  3 gnolls (D:6)
  A scorpion zombie (Crypt:1)
  19 adders
  5 river rats
  A swamp drake zombie (Crypt:3)
  7 shadow imps
  10 white imps
  8 ufetubi (IceCv)
  An ooze (D:1)
  2 adder skeletons
  13 worms
  3 dart slugs
  7 leopard geckos
  111 orcs
  2 ball pythons
  7 giant cockroaches
  6 goblins
  3 hobgoblins
  14 jackals
  15 kobolds
  7 quokkas
  4 bats
  4 frilled lizards
  A giant cockroach zombie (D:6)
  A kobold skeleton (Crypt:2)
  2 leopard gecko zombies
  An orc skeleton (Crypt:3)
  6 rats
  A river rat simulacrum (Lair:5)
  A crawling corpse (Elf:2)
  8 fungi
  10 plants
2344 creatures vanquished.

Vanquished Creatures (others)
  Asterion (Snake:4)
  A shadow wraith (Vaults:4)
  A cyclops (Vaults:1)
  A black mamba (Snake:1)
  A vault sentinel (Vaults:1)
  A yaktaur (Vaults:1)
  5 humans
  A wight (Crypt:3)
  An orc priest (D:14)
  4 white imps (IceCv)
  3 ufetubi (IceCv)
  4 orcs
  5 fungi
  41 plants
  13 toadstools (Lair:3)
83 creatures vanquished.

Grand Total: 2427 creatures vanquished

Notes
Turn   | Place    | Note
-------+----------+-------------------------------------------
     0 | D:1      | vuev the Gargoyle Fighter began the quest for the Orb.
     0 | D:1      | Reached XP level 1. HP: 14/14 MP: 1/1
   131 | D:1      | Reached XP level 2. HP: 19/19 MP: 2/2
   986 | D:2      | Reached XP level 3. HP: 23/23 MP: 3/3
   993 | D:2      | Noticed Jessica
  1088 | D:2      | Found a white marble altar of Elyvilon.
  1090 | D:2      | Found an ancient bone altar of Kikubaaqudgha.
  1096 | D:2      | Found a snail-covered altar of Cheibriados.
  1096 | D:2      | Found a glowing silver altar of Zin.
  1097 | D:2      | Found a sparkling altar of Nemelex Xobeh.
  1097 | D:2      | Found a blossoming altar of Fedhas.
  1513 | D:2      | Killed Jessica
  1513 | D:2      | Reached XP level 4. HP: 28/28 MP: 4/4
  1937 | D:2      | Found a shimmering altar of Xom.
  2293 | D:3      | Reached XP level 5. HP: 33/33 MP: 5/5
  2336 | D:3      | Found a shattered altar of Ashenzari.
  2798 | D:4      | Reached XP level 6. HP: 38/38 MP: 6/6
  2945 | D:4      | Reached skill level 5 in Axes
  3013 | D:4      | Found a radiant altar of Vehumet.
  3013 | D:4      | Found a burning altar of Makhleb.
  3192 | D:4      | Reached XP level 7. HP: 38/42 MP: 7/7
  3216 | D:4      | Reached skill level 4 in Fighting
  3368 | D:5      | Entered Level 5 of the Dungeon
  3452 | D:5      | Found a glowing drain.
  3481 | Sewer    | Entered a sewer
  3711 | Sewer    | Found a glowing silver altar of Zin.
  4190 | D:5      | Reached XP level 8. HP: 48/48 MP: 8/8
  4214 | D:5      | Reached skill level 5 in Armour
  4471 | D:6      | Found a staircase to the Ecumenical Temple.
  4484 | Temple   | Entered the Ecumenical Temple
  4695 | Temple   | Became a worshipper of Warmaster Okawaru
  4742 | D:6      | Found Daicanape's Antique Armour Emporium.
  4765 | D:6      | Found Horr's Book Shop.
  4798 | D:6      | Found Puogguh's Magic Scroll Emporium.
  4806 | D:6      | Bought a scroll of teleportation for 42 gold pieces
  4866 | D:6      | Found an ornate altar of the Wu Jian Council.
  5065 | D:7      | Noticed Menkaure
  5070 | D:7      | Noticed a hippogriff
  5073 | D:7      | Killed Menkaure
  5082 | D:7      | Killed a hippogriff
  5082 | D:7      | Reached * piety under Okawaru
  5210 | D:7      | Reached XP level 9. HP: 53/53 MP: 6/9
  5285 | D:7      | Noticed Joseph
  5315 | D:7      | Killed Joseph
  5315 | D:7      | Reached skill level 5 in Fighting
  5336 | D:7      | Reached skill level 10 in Axes
  5857 | D:7      | Reached ** piety under Okawaru
  5993 | D:8      | Reached XP level 10. HP: 56/60 MP: 10/10
  6062 | D:8      | Noticed a three-headed hydra
  6290 | D:8      | Reached skill level 6 in Fighting
  6332 | D:8      | Reached *** piety under Okawaru
  6862 | D:8      | Found an opulent altar of Gozag.
  7327 | D:8      | Killed a six-headed hydra
  7819 | D:9      | Reached **** piety under Okawaru
  7819 | D:9      | Reached skill level 7 in Fighting
  8014 | D:9      | Reached XP level 11. HP: 63/67 MP: 11/11
  8092 | D:9      | Noticed a two-headed ogre
  8110 | D:9      | Killed a two-headed ogre
  8110 | D:9      | Reached skill level 1 in Invocations
  8604 | D:10     | Entered Level 10 of the Dungeon
  8840 | D:10     | Reached ***** piety under Okawaru
  8947 | D:10     | Killed an unseen horror
  8947 | D:10     | Received a gift from Okawaru
  9063 | D:10     | Noticed a two-headed ogre
  9079 | D:10     | Killed a two-headed ogre
  9217 | D:10     | Noticed a two-headed ogre
  9235 | D:10     | Killed a two-headed ogre
  9318 | D:10     | Noticed a two-headed ogre
  9328 | D:10     | Killed a two-headed ogre
  9328 | D:10     | Reached skill level 8 in Fighting
  9800 | D:11     | You fall through a shaft for 2 floors!
  9804 | D:13     | Noticed an orb spider
  9804 | D:13     | a spriggan changed into an orb spider
  9808 | D:12     | Found a frozen archway.
  9854 | IceCv    | Entered an ice cave
 10155 | IceCv    | Reached XP level 12. HP: 59/74 MP: 10/13
 10272 | IceCv    | Received a gift from Okawaru
 10758 | IceCv    | Noticed a reaper
 10778 | IceCv    | Killed a reaper
 11212 | IceCv    | Reached skill level 15 in Axes
 12560 | D:12     | Received a gift from Okawaru
 12647 | D:12     | Found a staircase to the Orcish Mines.
 12730 | D:12     | Received a gift from Okawaru
 12922 | D:12     | Received a gift from Okawaru
 13796 | D:13     | Reached skill level 9 in Fighting
 13797 | D:13     | Noticed a tengu warrior
 13814 | D:13     | Killed a tengu warrior
 13814 | D:13     | Reached XP level 13. HP: 68/80 MP: 12/14
 13850 | D:13     | Noticed Snorg
 13867 | D:13     | Killed Snorg
 13967 | D:13     | Noticed an entropy weaver
 14051 | D:13     | Found a gate to the Vaults.
 14222 | D:13     | HP: 3/80 [entropy weaver/steaming morningstar {drain} (5)]
 15013 | D:13     | Noticed an entropy weaver
 15038 | D:13     | Killed an entropy weaver
 15541 | D:14     | Noticed Kirke
 15554 | D:14     | Killed Kirke
 15752 | D:14     | Received a gift from Okawaru
 15754 | D:14     | Reached skill level 10 in Fighting
 15781 | D:14     | Noticed Nessos
 15799 | D:14     | Killed Nessos
 15960 | D:14     | Gained mutation: Your large and strong wings let you fly indefinitely. [Gargoyle growth]
 15960 | D:14     | Reached XP level 14. HP: 88/88 MP: 15/15
 16058 | D:14     | Noticed Rupert
 16063 | D:14     | Paralysed by Rupert for 5 turns
 16254 | D:14     | Paralysed by Rupert for 6 turns
 16267 | D:14     | Killed Rupert
 17163 | D:11     | Found a staircase to the Lair.
 17452 | D:11     | Noticed Erolcha
 17459 | D:11     | Killed Erolcha
 17670 | Lair:1   | Entered Level 1 of the Lair of Beasts
 19705 | Lair:3   | Reached ****** piety under Okawaru
 19873 | Lair:3   | Reached skill level 11 in Fighting
 20147 | Lair:3   | Found a runed door.
 20325 | Lair:3   | Received a gift from Okawaru
 20368 | Lair:3   | Identified the Guide on Cloudy Flames
 20614 | Lair:4   | Noticed dxctxrx's ghost (journeyman HaHu)
 20617 | Lair:4   | Reached XP level 15. HP: 93/95 MP: 16/16
 20646 | Lair:4   | Killed dxctxrx's ghost
 20694 | Lair:4   | Found a staircase to the Swamp.
 20880 | Lair:4   | Found a staircase to the Snake Pit.
 21644 | Lair:5   | Received a gift from Okawaru
 22375 | Lair:6   | Entered Level 6 of the Lair of Beasts
 22708 | Lair:6   | Received a gift from Okawaru
 22813 | Lair:6   | Reached skill level 10 in Armour
 23015 | Lair:6   | Reached skill level 1 in Maces & Flails
 23210 | Lair:6   | Found a staircase to the Slime Pits.
 23262 | Lair:6   | Reached skill level 12 in Fighting
 23387 | Lair:6   | Received a gift from Okawaru
 23770 | Lair:6   | Received a gift from Okawaru
 24154 | Orc:1    | Entered Level 1 of the Orcish Mines
 24154 | Orc:1    | Found a roughly hewn altar of Beogh.
 24165 | Orc:1    | Reached XP level 16. HP: 101/101 MP: 16/18
 24205 | Orc:1    | Noticed Erica
 24248 | Orc:1    | Killed Erica
 24845 | Orc:1    | Found a roughly hewn altar of Beogh.
 24966 | Orc:2    | Entered Level 2 of the Orcish Mines
 25184 | Orc:2    | Found a staircase to the Elven Halls.
 25434 | Orc:2    | Received a gift from Okawaru
 26016 | Orc:2    | Found Wisali Noaf's Jewellery Shoppe.
 26017 | Orc:2    | Found Taqanes's Weapon Boutique.
 26017 | Orc:2    | Found Pimny's Antique Armour Emporium.
 26020 | Orc:2    | Found Weuph's Book Shop.
 26294 | D:6      | Bought a polished crystal plate armour for 2295 gold pieces
 26304 | D:6      | Identified the +1 crystal plate armour "Arphall" {*Corrode rElec rN+++ Dex-5} (You bought it in a shop on level 6 of the Dungeon)
 26565 | Swamp:1  | Entered Level 1 of the Swamp
 26592 | Swamp:1  | Noticed Aizul
 26614 | Swamp:1  | Killed Aizul
 27980 | Swamp:2  | Received a gift from Okawaru
 28298 | Swamp:3  | Noticed a thorn hunter
 28302 | Swamp:3  | Noticed a thorn hunter
 28354 | Swamp:2  | Killed a thorn hunter
 28561 | Swamp:3  | Killed a thorn hunter
 28563 | Swamp:3  | Reached XP level 17. HP: 102/108 MP: 19/19
 28622 | Swamp:3  | Received a gift from Okawaru
 28626 | Swamp:3  | Got a wavering granite ring
 28630 | Swamp:3  | Identified the ring of the Median {*Tele Dex+2} (You found it on level 3 of the Swamp)
 28897 | Swamp:3  | Reached skill level 13 in Fighting
 29445 | Swamp:4  | Entered Level 4 of the Swamp
 30530 | Swamp:4  | HP: 2/109 [spriggan berserker/hand axe of venom (18)]
 30897 | Swamp:4  | Got a decaying rune of Zot
 31087 | Snake:1  | Entered Level 1 of the Snake Pit
 31107 | Snake:1  | Found a blossoming altar of Fedhas.
 31118 | Snake:1  | Noticed Donald
 31142 | Snake:1  | Killed Donald
 31285 | Snake:1  | Received a gift from Okawaru
 31414 | Snake:1  | Got a transparent helmet
 31420 | Snake:1  | Identified the +3 helmet of Yples {*Contam rN+ Int+4 Dex+3} (You found it on level 1 of the Snake Pit)
 31522 | Snake:1  | Got a scorched broad axe
 31523 | Snake:1  | Identified the +5 broad axe "Hunlur" {flame, MR+} (You found it on level 1 of the Snake Pit)
 31720 | Snake:1  | Reached XP level 18. HP: 110/116 MP: 20/20
 31902 | Snake:1  | Noticed Josephine
 31912 | Snake:1  | Killed Josephine
 32631 | Snake:2  | Reached skill level 14 in Fighting
 32704 | Snake:2  | Found a gateway to a bazaar.
 32825 | Snake:2  | Received a gift from Okawaru
 32973 | Snake:3  | Noticed Saint Roka
 32996 | Snake:3  | Killed Saint Roka
 33312 | Snake:3  | Noticed Lifeless's ghost (adept HuWn)
 33319 | Snake:3  | Killed Lifeless's ghost
 33447 | Snake:3  | Found Butol's Armour Shop.
 33469 | Snake:3  | Noticed Vashnia
 33472 | Snake:3  | Found Iloruav's Food Shop.
 33620 | Snake:3  | Noticed Mara
 34163 | Snake:3  | Killed Vashnia
 34163 | Snake:3  | Received a gift from Okawaru
 34316 | Snake:3  | Noticed vuev's illusion
 34475 | Snake:4  | Entered Level 4 of the Snake Pit
 34962 | Snake:4  | Reached XP level 19. HP: 69/122 MP: 22/22
 35137 | Snake:4  | Found Heclua's Book Shop.
 35526 | Snake:4  | Noticed Asterion
 35541 | Snake:4  | Gained mutation: You are clumsy. (Dex -2) [a cacodemon]
 35553 | Snake:4  | Killed Asterion
 35772 | Snake:4  | Received a gift from Okawaru
 36218 | Snake:4  | Reached skill level 15 in Fighting
 36381 | Snake:4  | Received a gift from Okawaru
 36414 | Snake:4  | Got a pitted battleaxe {god gift}
 36415 | Snake:4  | Identified the +1 battleaxe of Dishonour {protect, Str+6} (Okawaru gifted it to you on level 4 of the Snake Pit)
 36426 | Snake:4  | Got a serpentine rune of Zot
 36787 | Snake:3  | Found Juveicam's Food Shop.
 37425 | D:15     | Entered Level 15 of the Dungeon
 37500 | D:15     | Found a staircase to the Depths.
 38110 | D:15     | Found a snail-covered altar of Cheibriados.
 38335 | D:13     | Reached XP level 20. HP: 111/129 MP: 21/23
 38343 | D:13     | Got a steaming morningstar {drain}
 38344 | D:13     | Identified the +8 morningstar "Cihonex" {drain, rF- MR+ Str+3} (You took it off an entropy weaver on level 13 of the Dungeon)
 38443 | Elf:1    | Entered Level 1 of the Elven Halls
 38490 | Elf:1    | Identified the Tome of Calling
 38901 | Elf:1    | Received a gift from Okawaru
 39780 | Elf:2    | Found a runed gate.
 39780 | Elf:2    | Found a runed gate.
 39781 | Elf:2    | Found a runed gate.
 40335 | Elf:2    | Received a gift from Okawaru
 40870 | Elf:3    | Entered Level 3 of the Elven Halls
 40874 | Elf:3    | Noticed Meriados's ghost (adept DgVM)
 40906 | Elf:3    | Killed Meriados's ghost
 41266 | Elf:3    | Found Rofeuwn's Assorted Antiques.
 41271 | Elf:3    | Found Onophog's General Store.
 41359 | Elf:3    | Received a gift from Okawaru
 41739 | Elf:3    | Reached skill level 5 in Invocations
 42277 | Elf:3    | Received a gift from Okawaru
 42356 | Elf:3    | Reached XP level 21. HP: 86/136 MP: 22/24
 42622 | Elf:3    | Reached skill level 16 in Fighting
 43418 | Elf:3    | Received a gift from Okawaru
 43690 | Elf:3    | Got an ancient plate armour
 43691 | Elf:3    | Identified the +0 plate armour "Tiri" {rC+ rCorr Int+5} (You took it off a deep elf blademaster on level 3 of the Elven Halls)
 43815 | Elf:3    | Identified the Catalogue of Sinister Rituals and the Frostbite
 44233 | Vaults:1 | Entered Level 1 of the Vaults
 44382 | Vaults:1 | Found a flickering gateway to a bazaar.
 44394 | Bazaar   | Entered a bazaar
 44466 | Bazaar   | Found Dohor's Jewellery Boutique.
 44484 | Bazaar   | Found Zisunog's Antique Weapon Emporium.
 44501 | Bazaar   | Found Jibbodaw's Book Boutique.
 44518 | Bazaar   | Found Haesch's Assorted Antiques.
 44540 | Bazaar   | Bought a +5 amulet of reflection for 535 gold pieces
 44971 | Vaults:1 | Received a gift from Okawaru
 45657 | Vaults:1 | You are sucked into a shaft!
 45989 | Vaults:2 | Reached skill level 17 in Fighting
 46504 | Vaults:2 | Reached XP level 22. HP: 99/145 MP: 25/25
 47286 | Vaults:3 | Found an ornate altar of the Wu Jian Council.
 47537 | Vaults:3 | Received a gift from Okawaru
 47554 | Vaults:3 | Got a slimy helmet {god gift}
 47565 | Vaults:3 | Identified the +2 helmet "Tasuw" {Regen+ rCorr Int-5 SInv} (Okawaru gifted it to you on level 3 of the Vaults)
 47607 | Vaults:3 | Reached skill level 18 in Fighting
 47887 | Vaults:3 | Got a scorched glass ring
 47889 | Vaults:3 | Identified the ring of Idoomyv {+Inv Stlth-} (You took it off a vampire mage on level 3 of the Vaults)
 48171 | Vaults:3 | Reached skill level 19 in Fighting
 48569 | Vaults:3 | Found a staircase to the Crypt.
 48900 | Crypt:1  | Entered Level 1 of the Crypt
 49064 | Crypt:1  | Noticed an ancient lich
 49069 | Crypt:1  | Killed an ancient lich
 49087 | Crypt:1  | Found an ancient bone altar of Kikubaaqudgha.
 49152 | Crypt:1  | Noticed Boris
 49173 | Crypt:1  | Killed Boris
 49228 | Crypt:1  | Reached skill level 20 in Fighting
 49437 | Crypt:1  | Reached XP level 23. HP: 47/157 MP: 27/27
 49762 | Crypt:1  | Noticed Margery
 49766 | Crypt:1  | Killed Margery
 49766 | Crypt:1  | Received a gift from Okawaru
 50172 | Crypt:1  | Reached skill level 15 in Armour
 50965 | Crypt:2  | Noticed Jory
 50968 | Crypt:2  | Noticed Sojobo
 50986 | Crypt:2  | Killed Jory
 50996 | Crypt:2  | Killed Sojobo
 50996 | Crypt:2  | Reached skill level 21 in Fighting
 51022 | Crypt:2  | Received a gift from Okawaru
 51919 | Crypt:2  | Found a runed door.
 52164 | Crypt:2  | Noticed an ancient lich
 52164 | Crypt:2  | Noticed an ancient lich
 52174 | Crypt:2  | Gained mutation: You occasionally shout uncontrollably at your foes. [a cacodemon]
 52182 | Crypt:2  | Killed an ancient lich
 52385 | Crypt:2  | Killed an ancient lich
 52385 | Crypt:2  | Reached skill level 22 in Fighting
 52553 | Crypt:3  | Entered Level 3 of the Crypt
 52823 | Crypt:3  | Found a staircase to the Tomb.
 53222 | Crypt:3  | Reached XP level 24. HP: 169/169 MP: 28/28
 53281 | Crypt:3  | Received a gift from Okawaru
 53289 | Crypt:3  | Got a glittering graven amulet
 53314 | Crypt:3  | Identified the amulet of Abstinence {rPois rF++ MR- Regen+ Dex-2} (You found it on level 3 of the Crypt)
 53486 | Crypt:3  | Noticed an ancient lich
 53494 | Crypt:3  | Killed an ancient lich
 53598 | Crypt:3  | Got a flickering silver ring
 53598 | Crypt:3  | Got a translucent steel amulet
 53598 | Crypt:3  | Got a warped golden ring
 53601 | Crypt:3  | Identified the ring "Useimuidgh" {rElec rN+} (You found it on level 3 of the Crypt)
 53602 | Crypt:3  | Identified the ring of Kooroe {rPois rN+ MR- Dex+4} (You found it on level 3 of the Crypt)
 53603 | Crypt:3  | Identified the amulet "Wuuclet" {Regen+ Str+3 Dex+4} (You found it on level 3 of the Crypt)
 53625 | Crypt:3  | Identified the Papyrus of Evil
 53638 | Crypt:3  | Got a pair of encrusted boots
 53639 | Crypt:3  | Identified the cursed +0 pair of boots of Himypioc {rPois Dex+2} (You found it on level 3 of the Crypt)
 53728 | Crypt:3  | Reached skill level 23 in Fighting
 53774 | Crypt:3  | Noticed Boris
 53792 | Crypt:3  | Killed Boris
 54789 | Vaults:4 | Received a gift from Okawaru
 54796 | Vaults:4 | Paralysed by an ogre mage for 5 turns
 55062 | Vaults:4 | Noticed Boris
 55074 | Vaults:4 | Killed Boris
 55074 | Vaults:4 | Reached skill level 24 in Fighting
 56035 | Vaults:5 | Entered Level 5 of the Vaults
 56043 | Vaults:5 | Reached XP level 25. HP: 171/180 MP: 18/28
 56098 | Vaults:5 | Received a gift from Okawaru
 56106 | Vaults:5 | Reached skill level 25 in Fighting
 56330 | Vaults:5 | Received a gift from Okawaru
 56965 | Vaults:5 | Reached skill level 26 in Fighting
 57331 | Vaults:5 | Received a gift from Okawaru
 57355 | Vaults:5 | Reached XP level 26. HP: 115/192 MP: 29/29
 57471 | Vaults:5 | Noticed an ancient lich
 57567 | Vaults:5 | Killed an ancient lich
 57671 | Vaults:5 | Got a crude executioner's axe {chop}
 57672 | Vaults:5 | Identified the +5 executioner's axe of Objectivity {chop, Stlth+} (You took it off a vault guard on level 5 of the Vaults)
 57708 | Vaults:5 | Reached skill level 27 in Fighting
 57780 | Vaults:5 | Identified the Catalogue of Scorching Conjuration
 57786 | Vaults:5 | Identified the Almanac of Creative Confrontation
 57873 | Vaults:5 | Received a gift from Okawaru
 58048 | Vaults:5 | Got a silver rune of Zot
 58434 | Vaults:5 | Got a transparent demon trident {drain}
 58435 | Vaults:5 | Identified the +8 demon trident of Niyk {drain, MR++} (You took it off a deep elf high priest on level 5 of the Vaults)
 58834 | Bazaar   | Entered a bazaar
 58840 | Bazaar   | Found Axijisch's Jewellery Emporium.
 58840 | Bazaar   | Found Puqustrapp's Book Shoppe.
 59506 | Slime:1  | Entered Level 1 of the Pits of Slime
 61013 | Slime:3  | Paralysed by a floating eye for 2 turns
 61565 | Slime:5  | Entered Level 5 of the Pits of Slime
 61686 | Slime:5  | Gained mutation: Scrolls take you a little longer to read. [a shining eye]
 61688 | Slime:5  | Gained mutation: You sometimes yell uncontrollably at your foes. [a shining eye]
 61813 | Slime:5  | Noticed the Royal Jelly
 61830 | Slime:5  | Killed the Royal Jelly
 62134 | Slime:5  | Gained mutation: You are frail. (-10% HP) [a shining eye]
 62138 | Slime:5  | Gained mutation: You are dopey. (Int -2) [a shining eye]
 62144 | Slime:5  | Gained mutation: Potions are less effective at restoring your health. [a shining eye]
 62150 | Slime:5  | Gained mutation: You expend magic power (3 MP) to strengthen your wands. [a shining eye]
 62310 | Slime:5  | Got a slimy rune of Zot
 62339 | Slime:5  | Identified Qimneson's Guide on Helpful Ignition
 62437 | Slime:5  | Received a gift from Okawaru
 62454 | Slime:5  | Got a pair of distressingly furry gloves {god gift}
 62468 | Slime:5  | Identified the +0 pair of gloves of the Planets {rF- Str+5 Dex+6} (Okawaru gifted it to you on level 5 of the Pits of Slime)
 62482 | Slime:5  | Got a pitted leather armour
 62497 | Slime:5  | Got a twitching granite ring
 62499 | Slime:5  | Identified the ring "Totem" {Fire MR+ Str+7} (You found it on level 5 of the Pits of Slime)
 62543 | Slime:5  | Got an ancient steel ring
 62545 | Slime:5  | Identified the ring of Xemai {rCorr Str-3 Int+6} (You found it on level 5 of the Pits of Slime)
 62696 | Slime:5  | Gained mutation: You frequently scream uncontrollably at your foes. [a shining eye]
 62697 | Slime:5  | Gained mutation: You are weak. (Str -2) [a shining eye]
 62758 | Slime:5  | Gained mutation: Armour fits poorly on your strangely shaped body. [a shining eye]
 63327 | Slime:3  | Reached XP level 27. HP: 163/179 MP: 29/29
 63642 | Slime:3  | HP: 1/179 [acid (8)]
 63645 | Slime:3  | Splashed with acid

Vault maps used:
D:1:      doesnt_arrival_eight_statues, minmay_misc_feat_five,
          serial_bayou_crossing
D:2:      wad_pebble_path, nicolae_overflow_crystal_walls, minitemple,
          first_bread, uniq_jessica
D:3:      serial_bayou, serial_bayou_pond_b, serial_bayou_shore_b,
          serial_bayou_ford_a, serial_bayou_lagoon_b, serial_bayou_shore_b,
          serial_bayou_pond_c, minmay_stone_trees_small,
          cheibrodos_ashenzari_chains
D:4:      grunt_temple_overflow_lords_of_destruction
D:5:      portal_sewer_entry_a
D:6:      kennysheep_mini, minmay_temple_entry_glass, serial_shops, shop,
          nicolae_shop_waterfront, shop_statue
D:7:      uniq_menkaure, uniq_joseph
D:8:      hangedman_ranch, nicolae_gozag_seed_capital
D:11:     minmay_lair_entry_lava, uniq_erolcha
D:12:     erik_orc_3, serial_ice, serial_ice_e, serial_ice_i, serial_ice_b,
          serial_ice_o, serial_ice_c, serial_ice_f, serial_ice_g, serial_ice_h,
          portal_ice_cave_entry_ice_beasts
D:13:     david_vaults_2, minmay_another_anthill, uniq_snorg
D:14:     uniq_nessos, uniq_rupert, uniq_kirke
D:15:     grunt_enter_depths_hoard, lemuel_coloured_pillars_altar
Temple:   hc_temple_tempest_star
Lair:1:   worms_lemuel, grunt_megastairs_5, serial_bayou_shore_b
Lair:3:   gammafunk_lair_enchanted_lake, grunt_megastairs_4
Lair:4:   swamp_mist_pool, minmay_snake_entry_guardpost_small
Lair:5:   eino_house_with_fridge, infiniplex_staircase_pool, lemuel_fruit_tree
Lair:6:   minmay_lair_end_frog_pond, slime_dummy
Swamp:1:  evilmike_swamp_ruin_house_3, uniq_aizul
Swamp:2:  evilmike_swamp_ruin_house_5, swamp_pool5, st_swamp_ruins_1
Swamp:3:  nicolae_swamp_fairy_circle, swamp_pool2, hangedman_swamp_blocks
Swamp:4:  swamp_basic_johnstein
Snake:1:  hangedman_cross_veins, basic_altar, uniq_donald, uniq_josephine
Snake:2:  serial_shops, statue_bzr
Snake:3:  serial_shops, nicolae_shop_crystal, shop, shop, st_stairs_3,
          grunt_megastairs_1, uniq_mara, uniq_vashnia, uniq_saint_roka
Snake:4:  snake_pit_salamanders_mu, serial_shops, nicolae_shop_waterfront,
          nicolae_snake_shapes, uniq_asterion
Slime:1:  cheibrodos_slime_lost_civilization_10
Orc:1:    nicolae_orc_accident_2, basic_altar, nicolae_orc_pool_cavern,
          uniq_erica
Orc:2:    st_orc_rangers
Elf:1:    minmay_elf_demonology
Elf:3:    minmay_elf_hall_not_hex, minmay_shop_star
Vaults:1: v_misc_14, nicolae_vaults_murderbox, vaults_dpeg_doors,
          grunt_vaults_hallway_long, v_misc_11, nicolae_vaults_little_squares_2,
          hangedman_vaults_stretched_pinwheel, vaults_mumra_minichess,
          v_misc_23, nicolae_vaults_twisting_passages,
          nicolae_vaults_border_crossing, vaults_mumra_lcd,
          nicolae_vaults_hallways_thing, serial_shops, freezing_bzr
Vaults:2: v_misc_2, v_alt_pattern_6, st_more_cells, hangedman_vaults_capsules,
          vaults_room_fancy_cross, hangedman_vaults_maws, vaults_room_door_ring
Vaults:3: nicolae_vaults_mini_display_case, ontoclasm_vaults_pinch,
          vaults_room_hangedman_quadrants, hangedman_vaults_stream,
          nicolae_vaults_circle_grid_a, nicolae_vaults_circle_grid_a, v_misc_9,
          vaults_dpeg_diagonal, vaults_standard_mumra_x, vaults_room_fours,
          vaults_dpeg_ring, grunt_vaults_diagonal, nicolae_vaults_specimen_jars,
          hangedman_vaults_trim, minmay_crypt_entry_simple_sparse, v_misc_19,
          nicolae_vaults_shelves_hall, vaults_dpeg_hooks, basic_altar
Vaults:4: nicolae_vaults_network_s, nicolae_vaults_lopsided_apartments,
          v_misc_10, v_misc_25, v_misc_26, v_misc_25, nicolae_vaults_asterisk,
          uniq_boris
Crypt:1:  cheibrodos_crypt_eye_of_stone, basic_altar,
          grunt_crypt_arrival_guarded_gate, uniq_margery, uniq_boris
Crypt:2:  evilmike_wizard_prison, uniq_sojobo, uniq_jory
Crypt:3:  due_elkab, tomb_entry_shell_bobbens, uniq_boris
Bazaar:   bazaar_jpeg_circle_common, bazaar_mystics
Sewer:    sewer_kobolds
IceCv:    ice_cave_small_demon

Skill      XL: |  1  2  3  4  5  6  7  8  9 10 11 12 13 14 15 16 17 18 19 20 21 22 23 24 25 26 |
---------------+-------------------------------------------------------------------------------+-----
Axes           | 2 3 4 5 7 9 11 12 14 16 17 19 20 21 22 23 24 25 26 | 26.5
Armour         | 4 5 6 7 8 9 10 11 12 13 14 15 16 17 20 | 20.9
Fighting       | 4 5 7 8 9 10 11 12 13 14 15 17 20 22 24 26 27 | 27.0
Invocations    | 1 2 3 4 5 6 7 8 |  8.8
Maces & Flails | 1 2 |  2.0
Shields        | |  3.2

Action                   |  1- 3 |  4- 6 |  7- 9 | 10-12 | 13-15 | 16-18 | 19-21 | 22-24 | 25-27 || total
-------------------------+-------+-------+-------+-------+-------+-------+-------+-------+-------++-------
Melee: War axe           |   103 |   192 |   433 |   592 |       |       |       |       |       ||  1320
       Battleaxe         |       |       |       |   129 |       |       |     9 |       |       ||   138
       Executioner's axe |       |       |       |   281 |  1154 |  1240 |  1373 |  1427 |   801 ||  6276
       Club              |       |       |       |       |    59 |   145 |       |       |       ||   204
       Punch             |       |       |       |       |     1 |     3 |       |       |       ||     4
Throw: Javelin           |       |       |       |     5 |    11 |    47 |       |       |       ||    63
Invok: Heroism           |       |       |     4 |    14 |    23 |    39 |    22 |    17 |    10 ||   129
       Finesse           |       |       |       |     2 |     2 |    10 |     3 |     8 |     2 ||    27
 Abil: Fly               |       |       |       |       |     1 |       |       |       |       ||     1
Evoke: Wand              |       |       |       |    15 |    40 |     7 |     1 |     2 |       ||    65
  Use: Potion            |       |       |     3 |     3 |     5 |     2 |     1 |     4 |     4 ||    22
       Scroll            |       |       |     2 |    15 |     9 |    13 |     8 |     8 |    13 ||    68
 Stab: Confused          |       |       |       |       |     3 |     1 |       |       |       ||     4
       Distracted        |       |       |       |       |       |       |     2 |       |       ||     2
  Eat: Chunk             |     1 |     6 |    10 |    19 |    32 |    20 |    20 |    13 |     7 ||   128
       Fruit             |     1 |       |       |    10 |     9 |    13 |    10 |     4 |       ||    47
       Meat ration       |       |       |       |     1 |       |     1 |     2 |     4 |     3 ||    11
       Bread ration      |       |       |       |       |       |       |       |       |     1 ||     1
Armor: Scale mail        |    65 |   114 |    61 |       |       |       |       |       |       ||   240
       Plate armour      |       |       |   127 |   549 |   909 |  1230 |   832 |   649 |   185 ||  4481
       Gold dragon scale |       |       |       |       |       |       |       |       |   417 ||   417
Dodge: Dodged            |    40 |    62 |   134 |   511 |  1041 |  1262 |   671 |   596 |   334 ||  4651
Block: Shield            |    51 |    80 |   162 |   275 |       |       |       |       |       ||   568
       Other             |       |       |       |       |       |       |    51 |   200 |   136 ||   387
       Reflection        |       |       |       |       |       |       |     6 |    10 |     8 ||    24
